 Dungeon Crawl Stone Soup version 0.18.1-6-gd335043 (webtiles) character file.

312 NoLuckNoSkill the Cudgeler (level 6, -5/49 HPs)
             Began as a Mummy Chaos Knight on May 17, 2016.
             Killed from afar by an orc wizard (13 damage)
             ... with a puff of flame
             ... on level 4 of the Dungeon.
             The game lasted 00:03:39 (2732 turns).

NoLuckNoSkill the Cudgeler (Mummy Chaos Knight)     Turns: 2732, Time: 00:03:40

Health: -5/49      AC:  8    Str: 17    XL:     6   Next: 18%
Magic:  6/6        EV: 11    Int: 11    God:    Xom [..*...]
Gold:   120        SH:  0    Dex: 12    Spells: 0 memorised, 5 levels left

rFire  x . .     SeeInvis .     a - +0 mace (chaos)
rCold  + . .     Gourm    .     b - +2 leather armour
rNeg   + + +     Faith    .     (no shield)
rPois  ∞         Spirit   .     (no helmet)
rElec  .         Dismiss  .     g - +0 cloak
rCorr  .         Reflect  .     j - +0 pair of gloves
SustAt .         Harm     .     e - +0 pair of boots
MR     .....                    (no amulet)
Stlth  +.........               (no ring)
                                (no ring)

@: not resistant to hostile enchantments, very unstealthy
A: no food or potions, fire vulnerability, cold resistance 1, negative energy
resistance 3, torment resistance, unbreathing
a: Renounce Religion


You were on level 4 of the Dungeon.
You worshipped Xom.
You were a toy of Xom.
You were not hungry.

You visited 2 branches of the dungeon, and saw 5 of its levels.

You collected 120 gold pieces.

Inventory:

Hand Weapons
 a - a +0 mace of chaos (weapon)
Armour
 b - a +2 leather armour (worn)
 e - a +0 pair of boots (worn)
 g - a +0 cloak (worn)
 h - a +1 robe of fire resistance
 j - a +0 pair of gloves (worn)
Wands
 k - a wand of flame (18/48)
Scrolls
 c - 3 scrolls of teleportation {unknown}
 d - a scroll of remove curse {unknown}
 f - 2 scrolls of identify {unknown}
 i - a scroll of random uselessness {unknown}
 l - a scroll of immolation {unknown}


   Skills:
 + Level 4.5 Fighting
 * Level 5.0 Maces & Flails
 - Level 1.5 Armour
 - Level 0.7 Dodging


You had 5 spell levels left.
You didn't know any spells.

Dungeon Overview and Level Annotations

Branches:
Dungeon (4/15)             Temple (1/1) D:4

Altars:
Ashenzari
Cheibriados
Elyvilon
Fedhas
Kikubaaqudgha
Okawaru
Ru
Sif Muna
Trog
Vehumet
Xom
Yredelemnul
Zin
The Shining One


Innate Abilities, Weirdness & Mutations

You do not eat or drink.
Your flesh is vulnerable to fire.
You are immune to poison.
Your flesh is cold resistant.
You are immune to negative energy.
You are immune to unholy pain and torment.
You can survive without breathing.


Message History

The orc wizard gestures wildly while chanting.
The orc wizard seems to speed up.
Unknown command.
You miss the orc wizard.
The orc wizard gestures at you while chanting.
The magic dart hits you!
* * * LOW HITPOINT WARNING * * *
The orc hits you but does no damage. The orc wizard completely misses you.
Unknown command.
You hit the orc wizard. You freeze the orc wizard.
The orc wizard is heavily wounded.
The orc wizard misses you. The orc hits you but does no damage.
Unknown command.
You hit the orc wizard but do no damage.
The orc wizard seems to slow down.
The orc wizard is heavily wounded.
The orc wizard gestures at you while chanting.
The puff of flame hits you! The fire burns you terribly!
Xom roars with laughter!
You die...

#.#..#
#.##......##...#
'.'..#
#.#............#
#.#..#
#.#.####.####..#
..#..# #.#
##.....## #
###### .#
#.......# .#
#.#.$.....#..#
#....._.....#
...#.......#.#
##.#...@...#.# #
##.)oo.## #
###.### ... .##
.. ##


You could see an orc wizard and an orc.

Vanquished Creatures
  A howler monkey (D:4)
  A centaur skeleton (D:4)
  A giant frog skeleton (D:4)
  2 orc wizards (D:3)
  An orc priest (D:4)
  Ijyb (D:3)
  A worker ant (shapeshifter) (D:2)
  2 adders (D:3)
  4 orcs (D:3)
  10 bats
  2 giant cockroaches (D:3)
  2 gnoll zombies (D:3)
  9 goblins
  7 hobgoblins
  2 jackals (D:3)
  2 quokkas
  A ball python (D:1)
  A giant gecko skeleton (D:4)
  3 giant newts
  3 kobolds (D:1)
  A quokka skeleton (D:4)
  6 rats
63 creatures vanquished.

Notes
Turn   | Place    | Note
--------------------------------------------------------------
     0 | D:1      | NoLuckNoSkill the Mummy Chaos Knight began the quest for the Orb.
     0 | D:1      | Reached XP level 1. HP: 18/18 MP: 1/1
   131 | D:1      | Reached XP level 2. HP: 18/24 MP: 2/2
   241 | D:1      | Reached skill level 3 in Maces & Flails
   264 | D:1      | XOM: harmless Ice miscast
   341 | D:1      | XOM: divination: detect items
   644 | D:2      | Found a deep blue altar of Sif Muna.
   739 | D:2      | Reached XP level 3. HP: 29/29 MP: 3/3
   748 | D:2      | You fall through a shaft!
   901 | D:3      | XOM: colour smoke trail
  1615 | D:2      | Found a bloodstained altar of Trog.
  1707 | D:3      | XOM: potion effect (heal wounds)
  1728 | D:3      | Reached XP level 4. HP: 33/35 MP: 4/4
  1734 | D:3      | Reached skill level 4 in Maces & Flails
  2037 | D:3      | Reached XP level 5. HP: 42/42 MP: 5/5
  2087 | D:3      | XOM: polymorph giant gecko -> goblin
  2132 | D:3      | Found a basalt altar of Yredelemnul.
  2254 | D:3      | Noticed Ijyb
  2270 | D:3      | Killed Ijyb
  2454 | D:4      | Found a staircase to the Ecumenical Temple.
  2466 | Temple   | Entered the Ecumenical Temple
  2684 | D:4      | Reached XP level 6. HP: 33/49 MP: 6/6
  2714 | D:4      | Found a snail-covered altar of Cheibriados.
  2728 | D:4      | Reached skill level 5 in Maces & Flails
  2732 | D:4      | Killed from afar by an orc wizard

Skill      XL: |  1  2  3  4  5  6 |
---------------+-------------------+-----
Maces & Flails | 3 4 5 |  5.0
Fighting       | 4 |  4.5
Armour         | |  1.5
Dodging        | |  0.7

Action                   |  1- 3 |  4- 6 || total
-------------------------+-------+-------++-------
Melee: Mace              |    96 |   118 ||   214
 Stab: Paralysed         |       |     2 ||     2
Armor: Leather armour    |    49 |    60 ||   109
Dodge: Dodged            |    99 |    75 ||   174
